AoeStats
← larrery

Glade

510769516Analyzed
1v1 RM · 8h ago on Oct 2, 2026· 32m 11s· 2 players
Game mode
Random Map
Map size
Tiny (2 player)
Population
200
Speed
Normal
Resources
Standard
Victory
Conquest
Starting age
Dark Age
Ending age
Imperial Age
RankedLock teamsTeams togetherTeam positionsShared explorationLock speedFull tech treeHidden civsTurbo modeCheats
Victory
Defeat
🇨🇴 Bohemians · Colombia
939
+16
🇪🇸 Aztecs · Spain
943
-16
larrery
11:54 Feudal Age
17:17 Castle Age
15:05 Double-Bit Axe
15:41 Horse Collar
19:29 Fervor
24:01 Imperial Age
23:22 Chemistry
24:17 Padded Archer Armor
28:07 Leather Archer Armor
Rodroner
7:21 Loom
9:46 Feudal Age
10:19 Double-Bit Axe
14:12 Man-at-Arms
16:36 Arson
21:03 Castle Age
20:29 Fletching
21:16 Stone Mining
22:52 Bow Saw
22:27 Horse Collar
23:47 Bodkin Arrow
27:51 Wheelbarrow
27:58 Squires
28:22 Elite Skirmisher
34:21 Imperial Age
Connection lost

Rejoining the realm…

Still unreachable

The connection could not be restored.

Session expired

The server has moved on; the page needs a fresh start.